 Dungeon Crawl Stone Soup version 0.29-a0-330-g52719c12eb (webtiles) character file.

Game seed: 11263017417344511972

900 kae the Firebug (level 7, 0/57 HPs)
             Began as a Demigod Fire Elementalist on Apr 22, 2022.
             Slain by a human zombie (2 damage)
             ... in an ossuary.
             The game lasted 00:07:00 (7132 turns).

kae the Firebug (Demigod Fire Elementalist)         Turns: 7132, Time: 00:07:01

Health: 0/57       AC:  6    Str:  9    XL:     7   Next: 50%
Magic:  7/15       EV: 12    Int: 25    God:
Gold:   154        SH:  0    Dex: 14    Spells: 4/13 levels left

rFire   + . .      SeeInvis +   g - +2 dagger (venom)
rCold   . . .      Faith    .   (no shield)
rNeg    . . .      Spirit   .   a - +1 robe
rPois   .          Reflect  .   (no helmet)
rElec   .          Harm     .   f - +2 cloak
rCorr   .          Rampage  .   (no gloves)
Will    .....                   (no boots)
Stlth   ++........              (no amulet)
HPRegen 0.19/turn               n - ring of see invisible
MPRegen 0.14/turn               j - ring of protection from fire

@: no status effects
A: high MP 1, forlorn, divine attributes
a: no special abilities


You were in an ossuary.
You visited 1 branch of the dungeon, and saw 6 of its levels.
You also visited: Ossuary.

You collected 154 gold pieces.

Inventory:

Hand Weapons
 e - a +0 mace
 g - a +2 dagger of venom (weapon)
Armour
 a - a +1 robe (worn)
 f - a +2 cloak (worn)
Jewellery
 j - a ring of protection from fire (right hand)
 l - a ring of flight
 n - a ring of see invisible (left hand)
 q - a ring of ice
 s - a +6 ring of dexterity
 v - an amulet of the acrobat
Scrolls
 d - a scroll of enchant armour
 i - 2 scrolls of magic mapping
 k - a scroll of immolation
Potions
 b - a potion of magic
 c - 2 potions of mutation
 m - 2 potions of degeneration
 u - a potion of berserk rage


   Skills:
 + Level 3.3 Fighting
 - Level 1.7 Dodging
 - Level 1.7 Stealth
 + Level 3.6 Spellcasting
 + Level 3.5 Conjurations
 * Level 5.8 Fire Magic


You had 4 spell levels left.
You knew the following spells:

 Your Spells              Type           Power      Damage    Failure   Level
a - Foxfire               Conj/Fire      100%       2x1d9     1%          1
b - Scorch                Fire           66%        2d8       1%          2
c - Conjure Flame         Conj/Fire      28%        6-21      4%          3
d - Inner Flame           Hex/Fire       19%        N/A       9%          3

Your spell library contained the following spells:

 Spells                   Type           Power      Damage    Failure   Level
 Magic Dart               Conj           88%        1d7       2%          1
 Searing Ray              Conj           44%        2d6       3%          2
 Flame Wave               Conj/Fire      28%        2d8       14%         4
 Fulminant Prism          Conj/Hex       6%         3d7       41%         4


Dungeon Overview and Level Annotations

Branches:
Dungeon (6/15)             Temple (0/1) D:6         Ossuary (1/1)

Annotations:
D:4 Ijyb


Innate Abilities, Weirdness & Mutations

You have an increased reservoir of magic. (+10% MP)
You shall have no god before yourself.
Your divine heritage dramatically boosts your attributes as you level up.


Message History

The hound zombie closely misses you.
Found 2 scrolls of teleportation and a scroll of enchant armour.
Found a scroll of identify and a scroll labelled XIH JIPNIVU.
The hound zombie attacks as you move away!
The hound zombie barely misses you.
The hound zombie bites you but does no damage.
The hound zombie attacks as you move away!
The hound zombie bites you but does no damage.
The hound zombie attacks as you move away!
The hound zombie bites you but does no damage.
The human zombie hits you but does no damage.
The hound zombie bites you but does no damage.
The hound zombie attacks as you move away!
The hound zombie closely misses you.
The hound zombie attacks as you move away!
The hound zombie bites you.
* * * LOW HITPOINT WARNING * * *
The hound zombie bites you.
* * * LOW HITPOINT WARNING * * *
The hound zombie bites you but does no damage.
Found a gate leading back out of this place.
The hound zombie attacks as you move away!
The hound zombie bites you but does no damage.
The hound zombie bites you.
* * * LOW HITPOINT WARNING * * *
The hound zombie attacks as you move away!
The hound zombie bites you but does no damage.
Casting: Scorch (safe; 1% risk of failure)
Confirm with . or Enter, or press ? or * to list all spells.
Flames lash the hound zombie.
The hound zombie is almost destroyed.
The hound zombie's fire resistance burns away.
The hound zombie barely misses you. The hound zombie misses you.
The hound zombie closely misses you.
Casting: Scorch (safe; 1% risk of failure)
Confirm with . or Enter, or press ? or * to list all spells.
Flames lash the hound zombie.
The hound zombie is burned terribly!
You destroy the hound zombie!
The human zombie hits you.
You die...

.......Z...........#..#
......................#
...............##..Z..#
...............##Z....#
......................#
.................Z....#
..#####...M.....####
........Z.......#??#
....∩..@........+??#
####################


You could see a mummy, 2 elf zombies and a human zombie.

Vanquished Creatures
  A bullfrog (D:5)
  2 necrophages
  A jelly (D:5)
  A human zombie (Ossuary)
  2 hounds
  3 orc priests
  2 iguanas (D:4)
  Jessica (D:3)
  6 orc wizards
  A hound zombie (Ossuary)
  A mummy (Ossuary)
  Robin (D:4)
  10 adders
  A white imp (D:6)
  An ufetubus (D:6)
  2 adder zombies (Ossuary)
  3 worms
  3 dart slugs
  17 orcs
  5 endoplasms
  3 giant cockroaches
  A gnoll zombie (Ossuary)
  13 goblins
  10 hobgoblins
  5 jackals
  3 quokkas (D:2)
  6 ball pythons
  6 bats
  2 frilled lizards (D:2)
  A goblin zombie (Ossuary)
  A jackal zombie (Ossuary)
  11 kobolds
  An orc zombie (Ossuary)
  4 rats
131 creatures vanquished.

Vanquished Creatures (collateral kills)
  A foxfire (D:6)
1 creature vanquished.

Vanquished Creatures (others)
  442 foxfires
442 creatures vanquished.

Grand Total: 574 creatures vanquished

Notes
Turn   | Place    | Note
-------+----------+-------------------------------------------
     0 | D:1      | kae the Demigod Fire Elementalist began the quest for the
                  | Orb.
     0 | D:1      | Reached XP level 1. HP: 14/14 MP: 5/5
   217 | D:1      | Reached skill level 1 in Conjurations
   491 | D:1      | Reached XP level 2. HP: 22/22 MP: 2/7
   494 | D:1      | Learned a level 2 spell: Scorch
   576 | D:1      | Reached skill level 3 in Fire Magic
  1523 | D:2      | Reached skill level 1 in Fighting
  1523 | D:2      | Reached XP level 3. HP: 28/28 MP: 4/8
  1650 | D:2      | Learned a level 3 spell: Conjure Flame
  2552 | D:2      | Reached XP level 4. HP: 35/35 MP: 8/10
  3266 | D:3      | Noticed Jessica
  3270 | D:3      | Killed Jessica
  3465 | D:3      | You fall into a shaft and drop 1 floor!
  3475 | D:4      | Noticed Ijyb
  3892 | D:4      | Reached skill level 4 in Fire Magic
  3892 | D:4      | Reached XP level 5. HP: 25/41 MP: 5/11
  4707 | D:4      | Noticed Robin
  5054 | D:4      | Killed Robin
  5299 | D:5      | Entered Level 5 of the Dungeon
  5333 | D:5      | Learned a level 3 spell: Inner Flame
  5360 | D:5      | Reached XP level 6. HP: 47/50 MP: 4/13
  5963 | D:5      | Reached skill level 5 in Fire Magic
  6681 | D:6      | Reached XP level 7. HP: 52/56 MP: 3/15
  7034 | D:6      | Found a sand-covered staircase.
  7039 | Ossuary  | Entered an ossuary
  7094 | Ossuary  | HP: 2/57 [hound zombie (2)]
  7127 | Ossuary  | HP: 1/57 [hound zombie (2)]
  7132 | Ossuary  | Slain by a human zombie

Illustrated notes

Levels and vault maps discovered:
D:1:      nzn_arrival_crosshair, layout_basic,
          shapermc_ecumenical_altar_hornbeckon, serial_rivers,
          chequers_serial_rivers_marsh, chequers_serial_rivers_large_a,
          chequers_serial_rivers_room_a, chequers_serial_rivers_small_b,
          chequers_serial_rivers_micro_b, nrook_uturn
D:2:      layout_basic, basic_altar
D:3:      layout_basic, uniq_jessica
D:4:      layout_gridville, nicolae_dithmenos_shadow_blocks, uniq_ijyb,
          uniq_robin
D:5:      layout_basic, corner_web_ring
D:6:      layout_loops_ring, nicolae_elyvilon_peaceful_grove,
          minmay_temple_entry_antechambers, enter_ossuary_2
Ossuary:  ossuary_minmay_tomb_2a

Skill      XL: |  1  2  3  4  5  6  7 |
---------------+----------------------+-----
Conjurations   | 1 2 3 |  3.5
Fire Magic     | 3 4 5 |  5.8
Spellcasting   | 2 3 |  3.6
Fighting       | 1 2 3 |  3.3
Dodging        | |  1.7
Stealth        | |  1.7

Action                   |  1- 3 |  4- 6 |  7- 9 || total
-------------------------+-------+-------+-------++-------
Melee: Mace              |     8 |       |       ||     8
       Dagger            |     2 |     5 |    29 ||    36
       Punch             |       |       |     1 ||     1
 Cast: Foxfire           |   104 |   143 |    16 ||   263
       Scorch            |       |    35 |    19 ||    54
  Use: Scroll            |     4 |     9 |     1 ||    14
       Potion            |       |     1 |     5 ||     6
 Stab: Invisible         |       |       |     4 ||     4
Armor: Robe              |    15 |    40 |    84 ||   139
Dodge: Dodged            |    18 |    66 |   122 ||   206

Table legend: (Time is in decaauts)
 A = Elapsed time spent in this place.
 B = Non-inter-level travel time spent in this place.
 C = Inter-level travel time spent in this place.
 D = Time resting spent in this place.
 E = Time spent auto-exploring this place.
 F = Levels seen in this place.
 G = Mean time per level.
                   A        B        C        D        E       F      G
               +--------+--------+--------+--------+--------+-----+--------+
         Total |   7162 |   6986 |    176 |    484 |   5343 |   7 | 1023.1 |
       Dungeon |   7064 |   6888 |    176 |    484 |   5343 |   6 | 1177.3 |
       Ossuary |     98 |     98 |      0 |      0 |      0 |   1 |   98.0 |
               +--------+--------+--------+--------+--------+-----+--------+

Top non-repeatable levels by time:
     D:1: 1508 daAuts
     D:3: 1345 daAuts
     D:4: 1341 daAuts
     D:5: 1334 daAuts
     D:2: 1128 daAuts
     D:6: 405 daAuts
 Ossuary: 98 daAuts
